Map: Ever Dream LE

Players

ShoWTimE - Winner!

  • Race: Protoss Protoss
  • League: Grandmaster
  • Spawn Location: 1:00

LiquidClem (Clem)

  • Race: Terran Terran
  • League: Grandmaster
  • Spawn Location: 7:00

Event: DreamHack SC2 Masters 2020 Fall

VOD

Have the link to the VOD?

Description

Time

  • Played on: Sept. 8, 2020, 2:21 p.m.
  • Length: 16:52

All games in this series

Show
View Real Time Build Order
Export as new Build Order

ShoWTimE Protoss - Winner!

Build Orders: 1 Gate Expand, Zealot Archon, Archon Drop, Colossus Rush, Dark Templar Rush 

Get SALT Encoding   

  12  0:00  Probe  
  13  0:12  Probe  
  14  0:17  Pylon  
  14  0:24  Probe (Chrono Boost)  
  15  0:36  Probe (Chrono Boost), Gateway  
  16  0:44  Probe (Chrono Boost)  
  16  0:46  Assimilator  
  17  0:50  Probe  
  18  1:03  Probe  
  19  1:15  Probe  
  20  1:24  Cybernetics Core  
  20  1:32  Nexus  
  20  1:34  Probe  
  21  1:42  Pylon  
  21  1:46  Probe  
  22  1:48  Assimilator  
  22  1:57  Adept (Chrono Boost)  
  22  1:58  Probe  
  22  2:00  Warp Gate  
  25  2:10  Probe  
  26  2:18  Stalker (Chrono Boost)  
  28  2:23  Probe  
  29  2:36  Probe (Chrono Boost)  
  30  2:37  Twilight Council  
  30  2:44  Probe (Chrono Boost)  
  32  2:52  Robotics Facility  
  32  2:53  Probe (Chrono Boost)  
  32  2:54  Probe (Chrono Boost)  
  33  2:59  Probe x2 (Chrono Boost)  
  35  3:10  Probe, Gateway  
  35  3:11  Probe  
  37  3:20  Dark Shrine  
  37  3:23  Probe (Chrono Boost)  
  37  3:24  Gateway  
  39  3:27  Probe (Chrono Boost)  
  40  3:34  Probe (Chrono Boost), Pylon  
  40  3:35  Assimilator  
  40  3:38  Probe (Chrono Boost)  
  40  3:39  Probe (Chrono Boost)  
  42  3:47  Probe  
  42  3:49  Warp Prism (Chrono Boost)  
  42  3:53  Probe  
  45  3:59  Probe  
  46  4:05  Probe  
  46  4:08  Nexus  
  47  4:12  Probe, Pylon  
  48  4:17  Probe  
  48  4:18  Assimilator  
  49  4:24  Probe  
  49  4:25  Pylon  
  49  4:29  Probe  
  51  4:35  Dark Templar  
  51  4:36  Dark Templar x2  
  57  4:42  Probe  
  57  4:44  Probe  
  59  4:55  Probe, Robotics Bay  
  59  4:56  Probe, Pylon  
  61  5:05  Observer  
  63  5:07  Probe  
  63  5:08  Probe  
  63  5:09  Archon, Dark Templar  
  63  5:11  Charge (Chrono Boost)  
  63  5:13  Archon  
  66  5:18  Forge  
  66  5:19  Probe, Pylon  
  66  5:20  Probe x2  
  69  5:26  Observer (Chrono Boost)  
  70  5:28  Sentry  
  70  5:31  Probe  
  70  5:32  Probe x2  
  75  5:39  Colossus (Chrono Boost)  
  75  5:43  Probe  
  75  5:44  Probe x2  
  75  5:47  Pylon  
  84  5:52  Protoss Ground Weapons Level 1 (Chrono Boost)  
  84  5:53  Gateway  
  84  5:54  Gateway  
  84  5:58  Gateway  
  84  6:02  Gateway  
  84  6:03  Extended Thermal Lance (Chrono Boost)  
  84  6:04  Pylon  
  84  6:05  Pylon  
  84  6:15  Probe  
  84  6:16  Shield Battery  
  84  6:20  Pylon  
  84  6:21  Colossus (Chrono Boost)  
  84  6:22  Zealot x3  
  96  6:29  Pylon  
  96  6:37  Gateway  
  96  6:44  Probe, Zealot x3  
  103  6:47  Blink  
  103  6:49  Sentry  
  103  6:50  Zealot  
  107  6:54  Pylon  
  107  6:58  Zealot x2  
  107  7:01  Probe x3  
  113  7:09  Pylon, Colossus  
  113  7:13  Probe x3  
  122  7:17  Pylon, Zealot x4  
  130  7:25  Probe x3  
  130  7:26  Forge  
  130  7:27  Assimilator  
  133  7:32  Assimilator  
  133  7:44  Photon Cannon  
  133  7:45  Stalker x2, Protoss Ground Weapons Level 2 (Chrono Boost)  
  133  7:50  Zealot x4  
  133  7:51  Zealot x2  
  149  7:57  Photon Cannon  
  149  8:01  Immortal (Chrono Boost)  
  153  8:09  Protoss Ground Armor Level 1 (Chrono Boost)  
  153  8:24  Nexus  
  153  8:26  Pylon  
  153  8:27  Dark Templar x4  
  153  8:29  Pylon  
  153  8:32  Archon x2  
  161  8:38  Immortal  
  165  8:42  Pylon  
  165  8:46  Dark Templar x2  
  167  8:50  Archon  
  167  8:53  Pylon  
  167  8:55  Stalker x2  
  169  8:57  Pylon  
  169  9:01  Zealot x4  
  179  9:04  Pylon  
  179  9:21  Zealot x4, Gateway  
  187  9:24  Gateway  
  187  9:27  Zealot x3  
  167  9:33  Colossus (Chrono Boost)  
  147  9:40  Sentry  
  147  9:44  Zealot x3  
  147  9:45  Zealot  
  141  9:53  Zealot x3  
  143  10:01  Probe x3  
  130  10:16  Zealot x6  
  130  10:19  Colossus (Chrono Boost)  
  134  10:24  Dark Templar  
  134  10:25  Dark Templar  
  134  10:26  Probe  
  145  10:28  Archon  
  145  10:37  Protoss Ground Weapons Level 3 (Chrono Boost)  
  145  10:39  Protoss Ground Armor Level 2 (Chrono Boost)  
  145  10:41  Zealot x6  
  133  11:08  Immortal (Chrono Boost)  
  113  11:15  Zealot x3  
  113  11:16  Zealot x5  
  117  11:26  Dark Templar x2  
  117  11:27  Probe x4  
  117  11:30  Archon  
  125  11:36  Pylon  
  125  11:37  Stalker x2, Gateway  
  125  11:38  Stalker x3  
  125  11:39  Gateway  
  135  11:41  Stalker  
  135  11:45  Immortal  
  131  12:04  Stalker x5, Zealot x2  
  131  12:07  Sentry  
  131  12:08  Sentry x2  
  151  12:15  Nexus  
  151  12:27  Observer  
  152  12:33  Templar Archives, Dark Templar x4  
  152  12:34  Zealot x2  
  164  12:37  Archon x2  
  164  12:39  Zealot x2  
  168  12:46  Dark Templar  
  168  12:50  Protoss Ground Armor Level 3 (Chrono Boost)  
  170  12:53  Zealot x3  
  174  12:59  Probe  
  174  13:00  Probe  
  174  13:05  Probe  
  177  13:12  Dark Templar  
  179  13:13  Zealot x5, Dark Templar  
  173  13:31  Disruptor (Chrono Boost)  
  173  13:33  Protoss Shields Level 1 (Chrono Boost)  
  172  13:34  Zealot x7  
  172  13:36  Robotics Facility  
  184  13:45  Probe x3  
  184  13:46  Probe  
  184  13:48  Assimilator  
  188  13:51  Stalker x3, Assimilator  
  188  13:52  Shadow Stride (Chrono Boost)  
  194  13:57  Stalker  
  192  14:05  Stalker x4  
  200  14:25  Photon Cannon, Nexus  
  200  14:26  Pylon  
  200  14:27  Shield Battery  
  198  14:38  Disruptor (Chrono Boost)  
  198  14:39  Disruptor (Chrono Boost)  
  186  14:48  Dark Templar x5  
  192  14:55  Pylon  
  192  14:58  Dark Templar x3  
  198  15:10  Disruptor  
  199  15:17  Photon Cannon  
  199  15:18  Photon Cannon  
  199  15:20  Stalker, Shield Battery  
  199  15:34  Pylon  
  197  15:49  Stalker x9  
  197  16:00  Disruptor  
  197  16:01  Disruptor  
  197  16:04  Zealot  
  183  16:22  Zealot x8  
Show
View Real Time Build Order
Export as new Build Order

LiquidClem Terran 

Build Orders: Reaper Expand 

Get SALT Encoding   

  12  0:00  SCV  
  13  0:12  SCV  
  14  0:16  Supply Depot  
  14  0:24  SCV  
  15  0:38  SCV  
  15  0:39  Barracks  
  16  0:43  Refinery  
  16  0:50  SCV  
  17  1:02  SCV  
  18  1:14  SCV  
  19  1:26  Reaper  
  19  1:27  Orbital Command  
  20  1:41  Command Center  
  20  1:49  Supply Depot  
  20  1:53  SCV  
  21  1:58  Marine  
  22  2:05  SCV  
  22  2:08  Factory  
  23  2:16  Marine  
  23  2:17  SCV  
  25  2:22  Bunker  
  25  2:29  SCV  
  26  2:30  Refinery  
  26  2:34  Barracks Reactor  
  26  2:41  SCV  
  27  2:53  SCV, Orbital Command  
  27  2:54  Hellion  
  30  3:02  Starport  
  30  3:06  SCV  
  30  3:10  Marine x2  
  33  3:15  Factory Tech Lab  
  33  3:18  SCV  
  33  3:19  SCV  
  35  3:23  Supply Depot  
  35  3:28  Marine x2  
  35  3:30  SCV  
  35  3:31  SCV  
  39  3:42  SCV  
  39  3:43  SCV  
  39  3:44  Factory Tech Lab  
  39  3:48  Raven  
  39  3:50  Supply Depot  
  39  3:51  Marine x2  
  39  3:54  SCV  
  45  3:55  SCV  
  45  4:01  Barracks  
  45  4:02  Barracks  
  45  4:06  SCV, Cyclone  
  45  4:08  SCV  
  50  4:11  Marine x2  
  52  4:19  SCV, Refinery  
  52  4:20  SCV  
  52  4:21  Engineering Bay  
  54  4:28  Marine  
  54  4:29  Marine  
  54  4:30  Supply Depot  
  54  4:31  SCV  
  57  4:33  SCV  
  57  4:35  Viking  
  60  4:43  SCV  
  61  4:46  SCV  
  61  4:50  Supply Depot  
  61  4:51  Siege Tank  
  65  4:53  Terran Infantry Weapons Level 1  
  65  4:57  SCV  
  65  4:58  Marine  
  65  4:59  Refinery  
  67  5:00  Marine  
  67  5:01  Barracks Tech Lab  
  67  5:02  SCV  
  69  5:09  Supply Depot  
  69  5:11  Stimpack  
  69  5:13  Marauder  
  72  5:14  SCV  
  72  5:18  SCV, Marine  
  74  5:24  Combat Shield  
  74  5:25  Supply Depot  
  74  5:27  Marine  
  74  5:28  SCV  
  76  5:29  Starport Reactor  
  76  5:34  SCV, Marauder  
  79  5:36  Marauder  
  79  5:39  Marine  
  79  5:40  SCV  
  83  5:43  Supply Depot  
  83  5:47  Siege Tank  
  86  5:55  Marine  
  86  5:56  Command Center  
  87  5:58  Supply Depot  
  87  6:01  Marine  
  87  6:02  Marauder  
  90  6:06  Supply Depot  
  90  6:10  Medivac x2  
  94  6:13  Marauder  
  96  6:19  Marine x2  
  96  6:23  Supply Depot, Siege Tank  
  96  6:24  Marauder  
  102  6:33  Barracks  
  102  6:34  Barracks  
  102  6:35  Supply Depot  
  102  6:37  Marauder  
  102  6:39  Marine x2  
  106  6:43  Supply Depot  
  106  6:45  Medivac  
  108  6:47  Medivac  
  108  6:51  Marauder  
  108  6:52  Supply Depot  
  108  6:53  Terran Infantry Armor Level 1  
  112  6:57  Concussive Shells  
  112  7:00  Marine x2  
  112  7:01  Supply Depot  
  114  7:03  Marauder  
  114  7:06  SCV x2  
  118  7:15  Marauder  
  120  7:18  SCV x2  
  120  7:19  Siege Tank  
  120  7:22  Barracks Reactor, Barracks Tech Lab  
  125  7:26  Orbital Command  
  125  7:29  Marine x2  
  126  7:31  Viking  
  126  7:35  Viking  
  126  7:36  SCV  
  132  7:38  SCV  
  133  7:45  Marauder x2  
  133  7:47  Marauder  
  133  7:48  SCV  
  133  7:50  SCV  
  141  7:54  Siege Tank  
  141  7:55  Missile Turret  
  145  7:59  Marine x3  
  145  8:00  Marine  
  145  8:01  SCV  
  145  8:02  SCV  
  145  8:04  Viking  
  152  8:08  Viking, Missile Turret  
  152  8:09  SCV  
  155  8:13  SCV  
  155  8:16  SCV, Refinery  
  155  8:18  Supply Depot  
  155  8:19  Marauder  
  159  8:20  Marauder  
  159  8:21  SCV  
  159  8:25  SCV, Supply Depot  
  163  8:28  Refinery, Siege Tank  
  163  8:30  SCV  
  163  8:32  Supply Depot  
  167  8:37  Marauder  
  167  8:38  Viking  
  167  8:40  Viking, Marauder  
  175  8:41  Marine  
  175  8:43  Marine  
  175  8:44  SCV  
  175  8:45  SCV  
  179  8:49  Supply Depot, Marine  
  179  8:51  Marauder  
  179  8:52  SCV  
  179  8:54  Marine  
  183  8:57  Supply Depot  
  183  9:02  Command Center  
  183  9:05  Siege Tank  
  186  9:12  Marine x2  
  186  9:15  Marauder  
  186  9:16  Marauder  
  188  9:17  Marauder  
  188  9:25  Marine x2  
  173  9:33  Marine  
  173  9:36  Marauder  
  173  9:37  Viking, Marauder, Siege Tank  
  164  9:38  Viking, Marauder  
  164  9:40  Marine  
  164  9:42  Armory  
  164  9:44  Engineering Bay  
  167  9:46  Marine x2  
  167  9:48  SCV x2  
  155  9:53  Marine  
  155  9:58  Marauder x2, Marine, Barracks  
  151  10:01  Marauder, Barracks  
  151  10:02  Barracks  
  151  10:06  Marine x2  
  140  10:07  Medivac  
  140  10:12  Siege Tank  
  140  10:13  Medivac  
  140  10:16  Marine  
  140  10:17  Marine  
  140  10:19  Marauder  
  140  10:20  Marauder  
  126  10:22  Marauder  
  125  10:29  SCV x3, Marine x2  
  125  10:33  Terran Infantry Armor Level 2, Terran Infantry Weapons Level 2  
  125  10:34  Marine  
  130  10:37  Marine  
  130  10:40  Marauder  
  130  10:41  Viking, Marauder  
  135  10:43  SCV, Marine  
  135  10:44  SCV  
  135  10:47  Marine  
  135  10:49  Marine x2  
  141  10:54  Orbital Command  
  141  10:55  Marine  
  133  11:01  Marauder  
  133  11:02  Marauder  
  125  11:08  Marauder  
  125  11:10  Marine  
  125  11:11  Marine  
  111  11:14  SCV  
  111  11:15  SCV  
  111  11:16  Siege Tank  
  107  11:20  SCV  
  107  11:22  Marine  
  107  11:23  Marauder, Marine  
  107  11:24  Planetary Fortress, Marauder  
  114  11:26  SCV  
  114  11:30  Marauder  
  114  11:32  SCV x2  
  119  11:35  Liberator  
  119  11:38  Liberator  
  125  11:43  Marine x2  
  125  11:44  Marauder  
  129  11:49  Marauder  
  129  11:53  Marauder  
  128  11:55  Siege Tank  
  114  12:01  Marine x3  
  114  12:02  Marine x3  
  114  12:06  SCV x2, Marauder  
  114  12:08  SCV x2  
  122  12:15  Marauder x2  
  126  12:18  Medivac  
  126  12:20  Marine x2  
  126  12:21  Medivac  
  132  12:23  Marine  
  132  12:25  Ghost Academy  
  132  12:27  Marauder  
  132  12:28  Orbital Command, Siege Tank  
  132  12:29  Marine x2  
  140  12:34  SCV x2  
  140  12:36  Marauder  
  145  12:41  Command Center  
  144  12:45  Marauder  
  144  12:47  SCV x2  
  144  12:53  Marine  
  144  12:54  Ghost  
  144  12:57  Ghost  
  149  13:00  Missile Turret  
  149  13:03  Siege Tank  
  152  13:08  Ghost, Marine x3  
  152  13:09  Marine  
  158  13:15  Viking x2  
  162  13:24  Marauder  
  162  13:26  Marauder  
  160  13:37  SCV x2, Marauder  
  160  13:39  SCV  
  160  13:40  SCV  
  163  13:45  Viking, Marauder, Marine x2  
  163  13:47  Marauder  
  163  13:48  Marine x2  
  171  13:52  Siege Tank  
  176  13:56  Viking  
  176  13:58  Marauder  
  176  14:02  Marine x2  
  181  14:06  Marauder, Barracks Tech Lab  
  181  14:09  Marauder  
  184  14:11  Terran Infantry Weapons Level 3  
  184  14:19  SCV  
  184  14:20  Marauder  
  187  14:28  Marauder x2  
  187  14:30  Bunker  
  191  14:31  Planetary Fortress, Missile Turret  
  191  14:32  Unknown  
  191  14:35  Viking  
  190  14:39  SCV  
  190  14:42  SCV  
  190  14:43  SCV  
  191  14:46  Marauder  
  191  14:48  Marauder  
  191  14:49  SCV  
  191  14:51  SCV, Marauder  
  199  14:58  Marine  
  193  15:07  Marauder  
  193  15:08  Marauder, Marine  
  193  15:13  SCV  
  199  15:15  Command Center  
  199  15:27  Missile Turret  
  199  15:29  Refinery  
  199  15:31  Missile Turret  
  199  15:33  Sensor Tower  
  199  15:39  Marine  
  198  15:44  Ghost  
  198  15:46  SCV  
  198  15:47  SCV  
  198  15:49  Marauder  
  190  15:50  Marauder  
  190  15:52  Marauder  
  168  15:58  Orbital Command  
  168  16:01  SCV  
  147  16:04  Marine  
  147  16:05  Marine  
  147  16:06  Marine  
  147  16:10  Marauder  
  146  16:12  Marauder  
  146  16:13  Marauder  
  136  16:18  Medivac  
  136  16:19  Marine x4  
  136  16:22  Marine  
  136  16:24  SCV x2  
  143  16:26  SCV  

Tags
 
Add a new tag
Caveats
  • Supply blocks, unpowered buildings, or Contaminate may cause inaccurate times.
  • Supply counts are checked every 10 seconds.